cohdb
Replays
Latest Replays
All Replays
Popular Replays
Top Player Replays
Match Explorer
How It Works
Community
CoH3 Stats
Reddit
Sign in to upload your games and track your stats! →
Sign in with Steam
Match 31583146
Unlisted
Match 31583146
Overview
Messages
Build Orders
End
Construct Section Command Post
Selects Indian Artillery Battlegroup
Infantry Section
Infantry Section
Infantry Section
Construct Field Infirmary
Infantry Section
Royal Engineer Section
Construct Platoon Command Post
Unlock M3 Stuart Light Tanks
Selects Artillery Saturation
Selects Off-map Airburst Barrage
M3 Stuart Light Tank
Off-map Airburst Barrage
Selects BL5.5 Artillery Emplacement
Infantry Training
6-pounder Anti-tank Gun Team
Selects Valour
GohanのFans
Vlambulance-YouTube
rooster
runningDuck
사촌간볼빨기
jowonja
0
0
Comments
sign in to comment!
No comments posted yet!